Map: Abyssal Reef LE

Players

protozavr

  • Race: Terran Terran
  • League: Platinum
  • Spawn Location: 5:00

HowlTheHusky - Winner!

  • Race: Zerg Zerg
  • League: Platinum
  • Spawn Location: 11:00

VOD

Have the link to the VOD?

Description

Time

  • Played on: Jan. 2, 2018, 11:27 a.m.
  • Length: 21:55
Show
View Real Time Build Order
Export as new Build Order

protozavr Terran 

Build Orders: Reaper Expand, Mech 

Get SALT Encoding   

  12  0:01  SCV  
  13  0:16  Supply Depot  
  13  0:18  SCV  
  14  0:26  Refinery  
  14  0:30  SCV  
  15  0:43  Barracks  
  15  0:46  SCV  
  16  0:58  SCV  
  17  1:11  SCV  
  18  1:23  SCV  
  19  1:31  Reaper  
  20  1:38  Orbital Command  
  20  1:50  Command Center  
  20  2:05  Supply Depot, Barracks Reactor  
  20  2:08  SCV  
  20  2:14  Factory  
  21  2:25  SCV  
  22  2:37  SCV  
  22  2:41  Bunker  
  23  2:51  Marine x2  
  23  2:54  SCV  
  23  2:58  Refinery  
  26  3:05  Orbital Command  
  26  3:06  SCV  
  27  3:16  Factory  
  27  3:18  SCV  
  27  3:27  Engineering Bay  
  27  3:30  SCV  
  28  3:36  SCV  
  28  3:37  Hellion x2  
  28  3:40  Barracks Tech Lab  
  33  3:42  SCV  
  33  3:46  Armory  
  33  3:48  SCV  
  35  3:54  SCV  
  36  4:00  SCV, Hellion x2  
  41  4:06  SCV  
  42  4:14  Barracks Tech Lab, Supply Depot  
  42  4:16  SCV  
  43  4:19  SCV  
  44  4:28  SCV  
  45  4:36  Cyclone  
  45  4:37  Hellion  
  50  4:43  Command Center  
  50  4:51  Ghost Academy  
  50  4:53  SCV x2  
  52  5:00  Siege Tank  
  52  5:04  Supply Depot  
  52  5:05  SCV x2  
  57  5:10  Cyclone  
  60  5:18  SCV x2  
  62  5:25  Refinery  
  62  5:26  Cyclone  
  65  5:30  Factory, SCV x2  
  57  5:45  Hellbat  
  57  5:46  Siege Tank  
  62  5:55  SCV x2  
  64  6:01  Hellbat  
  66  6:06  Hellbat  
  66  6:07  SCV x2  
  66  6:10  Refinery  
  70  6:15  Factory  
  70  6:16  Ghost  
  72  6:20  Barracks  
  72  6:36  Planetary Fortress  
  72  6:37  SCV x2  
  74  6:49  SCV x2  
  74  6:50  Hellbat x2  
  74  6:52  Factory Tech Lab  
  74  6:53  Siege Tank  
  83  7:01  SCV x2  
  83  7:07  Factory Tech Lab  
  85  7:13  Barracks Tech Lab  
  85  7:21  Supply Depot  
  85  7:22  Supply Depot  
  85  7:25  Supply Depot, Refinery  
  85  7:27  Terran Vehicle Weapons Level 1, Refinery  
  85  7:39  Missile Turret  
  85  7:42  Ghost  
  85  7:43  SCV x3  
  90  7:55  SCV x3  
  93  7:59  Command Center, Siege Tank x2  
  93  8:00  Supply Depot, Siege Tank  
  93  8:01  Ghost  
  93  8:05  Supply Depot  
  104  8:07  SCV x3, Supply Depot  
  107  8:20  SCV x2  
  107  8:22  SCV  
  110  8:29  Supply Depot  
  110  8:32  SCV, Ghost  
  110  8:33  SCV, Ghost  
  116  8:34  Siege Tank  
  116  8:35  Supply Depot  
  116  8:37  Hellbat x2, Supply Depot  
  116  8:38  Hellbat  
  116  8:39  Hellbat  
  127  8:45  SCV x3  
  130  8:56  Sensor Tower  
  130  8:57  SCV x2  
  130  9:02  Ghost x2  
  132  9:03  Factory  
  132  9:04  Hellbat  
  132  9:05  Hellbat x3  
  144  9:27  Hellion x2  
  144  9:28  Hellion x3  
  144  9:31  Ghost  
  156  9:44  SCV x3  
  159  9:46  Planetary Fortress  
  159  9:49  Siege Tank  
  162  9:56  SCV  
  107  10:17  Siege Tank x2  
  107  10:21  Siege Tank  
  113  10:49  SCV x3, Siege Tank x2  
  122  10:50  Hellion  
  122  10:51  Hellion x4  
  122  10:53  SCV  
  123  10:59  Ghost  
  123  11:00  Ghost  
  123  11:01  SCV x2  
  123  11:02  SCV  
  123  11:03  Hellion x2  
  134  11:05  SCV  
  135  11:13  Factory x2, SCV x2  
  135  11:14  SCV  
  135  11:18  SCV  
  137  11:42  Siege Tank x2  
  137  11:43  Siege Tank  
  137  11:44  Hellion x2, Ghost x2  
  154  11:52  SCV x2  
  154  11:53  SCV  
  157  11:58  Refinery  
  157  12:01  Refinery  
  157  12:05  Factory Tech Lab x2  
  155  12:14  Siege Tank  
  155  12:15  Siege Tank  
  144  12:48  Hellion x4  
  144  12:54  SCV  
  144  12:55  SCV x3  
  148  13:01  Siege Tank x3  
  148  13:02  Siege Tank x2  
  167  13:05  Hellbat x2  
  167  13:07  SCV x2  
  169  13:26  Command Center  
  169  13:27  Hellbat  
  171  13:33  Siege Tank  
  168  13:46  Siege Tank  
  171  13:49  Siege Tank  
  171  13:53  Siege Tank  
  175  14:02  Siege Tank  
  178  14:03  Hellion  
  180  14:20  Hellion  
  160  14:49  Hellion x2  
  160  14:50  Hellbat, Hellion  
  160  14:51  Siege Tank x3  
  165  15:11  Siege Tank  
  148  15:40  Planetary Fortress  
  148  15:41  Ghost x2  
  152  15:43  Hellbat, Refinery  
  152  15:44  Hellbat x6  
  157  16:05  Hellbat  
  159  16:15  Refinery  
  159  16:24  Refinery  
  159  16:25  Hellion x5, Command Center  
  159  16:26  Hellbat x3  
  159  16:27  Hellbat x4  
  159  16:28  Infernal Pre-Igniter  
  159  16:32  Factory Tech Lab  
  173  16:34  Terran Vehicle Weapons Level 2  
  173  16:36  Ghost x2  
  177  16:48  Hellbat  
  179  16:55  Siege Tank  
  179  16:56  Thor  
  188  17:04  Ghost  
  188  17:26  Ghost  
  190  17:33  Ghost  
  186  17:50  Thor x2  
  196  17:53  Widow Mine x2  
  193  18:19  Thor  
  168  18:59  Ghost x2  
  168  19:00  Thor x3  
  168  19:01  Thor x2  
  168  19:02  Thor  
  167  19:27  Ghost  
  167  19:28  Ghost  
  169  19:32  Hellbat x2  
  173  19:43  Orbital Command, Thor x3  
  191  19:56  Ghost  
  175  20:15  Thor x2  
  149  20:58  Thor x3  
  149  20:59  Thor  
  149  21:00  Hellbat x4  
  164  21:18  Refinery  
  164  21:19  Refinery  
  164  21:21  Hellbat  
  156  21:33  Hellbat x3  
Show
View Real Time Build Order
Export as new Build Order

HowlTheHusky Zerg - Winner!

Build Orders: Hatch First, Swarm Host 

Get SALT Encoding   

  12  0:02  Drone  
  13  0:15  Overlord  
  13  0:19  Drone  
  14  0:34  Drone x2  
  16  0:38  Drone  
  17  0:54  Hatchery  
  17  0:56  Drone  
  17  1:00  Drone  
  18  1:10  Extractor  
  17  1:15  Spawning Pool  
  17  1:18  Drone  
  17  1:21  Drone  
  18  1:31  Drone  
  19  1:41  Overlord  
  19  2:02  Queen  
  19  2:03  Zergling x4  
  19  2:06  Queen  
  25  2:10  Metabolic Boost  
  25  2:12  Drone  
  26  2:17  Drone x2  
  28  2:25  Drone  
  29  2:35  Drone x2  
  31  2:49  Drone x2  
  33  2:54  Drone  
  33  2:57  Overlord  
  34  3:00  Queen  
  36  3:20  Hatchery  
  36  3:21  Drone x4  
  36  3:22  Drone x4  
  43  3:47  Overlord  
  43  3:48  Overlord  
  42  4:05  Queen, Pneumatized Carapace  
  44  4:17  Drone  
  44  4:18  Drone x6  
  44  4:19  Drone x2  
  44  4:21  Extractor  
  44  4:23  Extractor  
  51  4:33  Drone  
  51  4:34  Drone x9  
  61  4:57  Overlord x3  
  61  5:12  Roach Warren  
  60  5:14  Evolution Chamber  
  60  5:15  Zergling x2  
  60  5:16  Zergling x14  
  60  5:17  Zergling x4  
  69  5:24  Queen  
  71  5:28  Spine Crawler  
  71  5:29  Extractor  
  71  5:31  Zergling x8  
  71  5:32  Zergling x2  
  69  5:47  Drone x5  
  74  5:52  Drone  
  74  5:56  Lair  
  74  5:57  Zerg Melee Weapons Level 1  
  75  6:00  Baneling Nest  
  75  6:02  Drone x3  
  77  6:16  Drone x3  
  80  6:28  Spore Crawler  
  80  6:31  Hatchery, Roach x2  
  80  6:32  Overlord x5  
  81  6:33  Overlord x3  
  81  6:51  Extractor, Drone x2  
  81  6:52  Drone x6  
  81  6:54  Roach x3  
  94  7:02  Roach x5  
  104  7:16  Roach x3  
  104  7:18  Glial Reconstitution  
  104  7:20  Centrifical Hooks  
  104  7:21  Overlord  
  104  7:22  Overlord x2  
  110  7:23  Roach x4  
  110  7:26  Ravager x3  
  110  7:27  Ravager x5  
  110  7:29  Baneling x2  
  126  7:30  Baneling x8  
  126  7:31  Zergling x2  
  126  7:32  Zergling x8  
  126  7:36  Drone  
  132  7:37  Drone  
  132  7:40  Extractor  
  132  7:42  Overseer  
  132  8:00  Drone x7  
  132  8:01  Queen, Drone x4  
  145  8:18  Infestation Pit  
  144  8:20  Drone  
  144  8:21  Drone x4  
  144  8:26  Extractor  
  148  8:29  Extractor  
  147  8:37  Queen  
  149  8:43  Roach x5  
  149  8:44  Roach x3  
  149  8:47  Baneling  
  149  8:48  Baneling x7  
  165  8:49  Nydus Network, Baneling x6  
  165  8:50  Baneling x5  
  165  8:52  Roach  
  165  8:54  Overlord x4  
  165  8:55  Overlord  
  166  9:17  Swarm Host  
  166  9:18  Swarm Host x7  
  190  9:24  Overseer  
  194  9:38  Roach x3  
  194  9:39  Roach  
  194  9:44  Ravager  
  199  9:47  Baneling x6  
  199  9:48  Baneling x4  
  199  9:51  Hive  
  199  10:03  Hatchery  
  143  10:19  Roach x8  
  143  10:20  Roach x9  
  177  10:25  Nydus Canal  
  174  10:38  Roach x4  
  174  10:39  Roach x6  
  174  10:40  Roach  
  188  10:43  Overseer x4  
  188  11:02  Zergling x12  
  194  11:04  Ravager  
  194  11:05  Ravager x5  
  191  12:02  Viper x3  
  199  12:09  Evolution Chamber  
  199  12:10  Evolution Chamber  
  199  12:11  Zerg Missile Weapons Level 1  
  197  12:19  Evolution Chamber  
  197  12:20  Evolution Chamber  
  119  12:51  Roach  
  119  12:52  Roach x16  
  119  12:57  Zerg Melee Weapons Level 2  
  153  12:58  Zerg Ground Armor Level 1  
  153  12:59  Overlord x2  
  160  13:34  Drone  
  160  13:35  Drone x5  
  160  13:40  Swarm Host x2  
  180  13:48  Spire  
  179  14:19  Infestor x4  
  179  14:20  Infestor x6  
  181  14:56  Zerg Missile Weapons Level 2  
  181  14:58  Zerg Ground Armor Level 2  
  181  15:01  Corruptor x3, Greater Spire  
  181  15:02  Corruptor x5  
  174  15:34  Roach x7  
  174  15:35  Roach x6  
  185  16:15  Burrow  
  185  16:19  Brood Lord x4  
  185  16:20  Brood Lord x3  
  199  16:52  Zerg Melee Weapons Level 3  
  194  17:21  Zerg Ground Armor Level 3, Zerg Missile Weapons Level 3  
  187  17:31  Nydus Canal  
  187  18:12  Roach x6  
  132  19:03  Hatchery  
  132  19:05  Roach  
  132  19:06  Roach x11  
  155  19:16  Hatchery  
  153  19:50  Hatchery  
  152  20:06  Hatchery  
  143  20:07  Corruptor x6  
  155  20:15  Hatchery  
  154  20:23  Corruptor x3  
  135  20:51  Zergling x2  
  135  20:52  Zergling x22  
  134  21:12  Brood Lord x4  
Tags
 
Add a new tag
Caveats
  • Supply blocks, unpowered buildings, or Contaminate may cause inaccurate times.
  • Supply counts are checked every 10 seconds.